 Dungeon Crawl Stone Soup version 0.26-a0-863-g3bff4b215c (webtiles) character file.

Game seed: 361755666221203268

711 miscthings the Slinger (level 8, -17/50 HPs)
             Began as a Halfling Hunter on Nov 26, 2020.
             Killed from afar by Dowan (27 damage)
             ... with a shard of ice
             ... on level 5 of the Dungeon.
             The game lasted 00:07:20 (3627 turns).

miscthings the Slinger (Halfling Hunter)            Turns: 3627, Time: 00:07:20

Health: -17/50     AC:  4    Str: 15    XL:     8   Next: 0%
Magic:  8/8        EV: 15    Int:  9    God:
Gold:   247        SH:  0    Dex: 15    Spells: 7/7 levels left

rFire    . . .     SeeInvis .   a - +1 hunting sling
rCold    . . .     Faith    +   (shield restricted)
rNeg     . . .     Spirit   .   c - +0 leather armour
rPois    .         Reflect  .   (no helmet)
rElec    .         Harm     .   (no cloak)
rCorr    .         Rampage  .   v - +0 pair of gloves
MR       .....                  (no boots)
Stlth    ++........             p - amulet of faith
HPRegen  0.16/turn              (no ring)
MPRegen  0.11/turn              (no ring)

@: no status effects
A: small, mutation resistance 2
a: no special abilities


You were on level 5 of the Dungeon.
You visited 1 branch of the dungeon, and saw 5 of its levels.

You collected 247 gold pieces.

Inventory:

Hand Weapons
 a - a +1 hunting sling (weapon)
 b - a +0 short sword
Missiles
 i - 19 stones (quivered)
Armour
 c - a +0 leather armour (worn)
 v - a +0 pair of gloves (worn)
Jewellery
 p - an amulet of faith (around neck)
 t - an uncursed amulet of the acrobat
Wands
 s - a wand of flame (37)
Scrolls
 e - 2 scrolls of magic mapping
 g - a scroll of fog
 j - 2 scrolls of fear
 k - a scroll of teleportation {unknown}
 l - 6 scrolls of remove curse
 m - a scroll of immolation {unknown}
 n - 2 scrolls of blinking {unknown}
 u - a scroll of enchant armour {unknown}
Potions
 f - a potion of ambrosia
 h - 3 potions of flight
 o - 2 potions of brilliance {unknown}
 r - a potion of resistance {unknown}
 w - a potion of heal wounds {unknown}
 x - a potion of curing
 z - a potion of mutation
 A - a potion of degeneration {unknown}


   Skills:
 + Level 2.2 Fighting
 - Level 12.0 Slings
 + Level 1.3 Armour
 + Level 2.7 Dodging
 - Level 1.1 Stealth
 + Level 1.1 Evocations


You had 7 spell levels left.
You didn't know any spells.
Your spell library was empty.

Dungeon Overview and Level Annotations

Branches:
Dungeon (5/15)
 Temple: D:4-7

Altars:
Gozag
Xom
Yredelemnul
The Shining One

Annotations:
D:3 3 runed translucent doors, pigah's ghost, amateur DsNe
D:5 Dowan


Innate Abilities, Weirdness & Mutations

You are small and have problems with some larger weapons.
You are somewhat resistant to both further mutation and mutation removal.


Message History

You shoot a stone. The stone closely misses Duvessa.
You shoot a stone. The stone hits Duvessa.
You kill Duvessa!
Dowan's eyes darken. "You have made a black mistake."
Dowan seems to find hidden reserves of power!
Your Fighting skill increases to level 2!
Your Armour skill increases to level 1!
Your Evocations skill increases to level 1!
You have reached level 8!
You shoot a stone. The stone closely misses Dowan.
Dowan hits you with a +2 dagger of electrocution.
You are electrocuted!!
* * * LOW HITPOINT WARNING * * *
You are too injured to fight recklessly!
It was a potion of mutation.
You feel extremely strange.
You feel genetically stable.
Dowan points at you and mumbles some strange words.
The shard of ice hits you!!
Ouch! That really hurt!
You die...

#.#.#...............
###.###.##.#.#........ #
....###.####.##..)....
.............#..####..##.....) .
.............(.<#.##...#.....# .
............##................# .
......^......#....#............
#. #..........##)...#............
.. ......(....(e@..............#.
..............####...........†###
.... #...<...##...<............#
.#.# ##......##........##.......
.#.# #...##..#.........##.......
...# ###.###.............#.......
...###...# #............##.......
.....#...# #.............#....#.#
.>.......###.............)...###.


You could see Dowan (fast).

Vanquished Creatures
  Duvessa (D:5)
  A phantom (D:5)
  An ogre (D:5)
  A centaur (D:5)
  A howler monkey (D:4)
  An orc priest (D:3)
  2 iguanas
  Ijyb (D:5)
  2 worker ants
  5 adders
  An ufetubus (D:5)
  An ooze (D:2)
  3 worms
  A dart slug (D:1)
  3 leopard geckos
  13 orcs
  A ball python (D:2)
  4 giant cockroaches
  5 goblins
  7 hobgoblins
  10 jackals
  3 quokkas
  6 bats
  3 frilled lizards
  4 kobolds
  6 rats
87 creatures vanquished.

Notes
Turn   | Place    | Note
-------+----------+-------------------------------------------
     0 | D:1      | miscthings the Halfling Hunter began the quest for the Orb.
     0 | D:1      | Reached XP level 1. HP: 14/14 MP: 1/1
    46 | D:1      | Reached skill level 6 in Slings
   160 | D:1      | Reached XP level 2. HP: 19/19 MP: 2/2
   319 | D:1      | Reached skill level 7 in Slings
   319 | D:1      | Reached XP level 3. HP: 24/24 MP: 3/3
  1035 | D:2      | Found a shimmering altar of Xom.
  1146 | D:2      | Reached XP level 4. HP: 29/29 MP: 4/4
  1212 | D:2      | Reached skill level 8 in Slings
  1507 | D:3      | Reached XP level 5. HP: 5/34 MP: 5/5
  1893 | D:3      | Reached skill level 9 in Slings
  2281 | D:3      | Found a glowing golden altar of the Shining One.
  2305 | D:3      | Found a runed translucent gate.
  2305 | D:3      | Found a runed translucent gate.
  2582 | D:3      | Found a runed translucent gate.
  2584 | D:3      | Noticed pigah's ghost (amateur DsNe)
  2856 | D:4      | Found a basalt altar of Yredelemnul.
  2873 | D:5      | Entered Level 5 of the Dungeon
  2886 | D:5      | Reached XP level 6. HP: 39/39 MP: 6/6
  2896 | D:5      | Noticed a phantom
  2932 | D:5      | Killed a phantom
  2933 | D:5      | Reached skill level 10 in Slings
  3021 | D:5      | Reached skill level 11 in Slings
  3021 | D:5      | Reached XP level 7. HP: 44/44 MP: 7/7
  3137 | D:5      | Noticed Ijyb
  3145 | D:5      | Killed Ijyb
  3167 | D:5      | Found an opulent altar of Gozag.
  3220 | D:5      | Noticed Duvessa
  3220 | D:5      | Noticed Dowan
  3434 | D:4      | Reached skill level 12 in Slings
  3625 | D:5      | Killed Duvessa
  3626 | D:5      | Reached skill level 1 in Armour
  3626 | D:5      | Reached skill level 1 in Evocations
  3626 | D:5      | Reached XP level 8. HP: 31/50 MP: 8/8
  3627 | D:5      | Gained mutation: You are somewhat resistant to both further
                  | mutation and mutation removal. [potion of mutation]
  3627 | D:5      | Killed from afar by Dowan

Illustrated notes

Levels and vault maps discovered:
D:1:      onia_arrival_pentagram, layout_basic
D:2:      minmay_angry_zag, layout_loops_ring, nicolae_overflow_hidden_temple
D:3:      layout_loops_ring, serial_forest, infiniplex_forest_corner_1,
          infiniplex_forest_pool, infiniplex_forest_straight_2,
          infiniplex_forest_straight_5, infiniplex_forest_clump_small,
          infiniplex_forest_corner_2, infiniplex_forest_lined_corner,
          gammafunk_ghost_split, tso_metal_star
D:4:      layout_loops_corners, yredelemnul_altar_generic, uniq_pikel
D:5:      layout_cave_pools, grunt_gozag_breadcrumbs, uniq_ijyb, uniq_eustachio,
          uniq_duvessa

Skill      XL: |  1  2  3  4  5  6  7 |
---------------+----------------------+-----
Slings         | 6 7 8 9 11 12 | 12.0
Fighting       | 2 |  2.2
Armour         | 1 |  1.3
Evocations     | 1 |  1.1
Dodging        | |  2.7
Stealth        | |  1.1

Action                   |  1- 3 |  4- 6 |  7- 9 || total
-------------------------+-------+-------+-------++-------
 Fire: Hunting sling     |    93 |   206 |   103 ||   402
Throw: Dart              |       |       |     2 ||     2
  Use: Scroll            |       |     6 |       ||     6
       Potion            |       |       |     2 ||     2
Armor: Leather armour    |     9 |     8 |     5 ||    22
Dodge: Dodged            |    23 |    38 |    19 ||    80

Table legend: (Time is in decaauts)
 A = Elapsed time spent in this place.
 B = Non-inter-level travel time spent in this place.
 C = Inter-level travel time spent in this place.
 D = Time resting spent in this place.
 E = Time spent auto-exploring this place.
 F = Levels seen in this place.
 G = Mean time per level.
                   A        B        C        D        E       F      G
               +--------+--------+--------+--------+--------+-----+--------+
         Total |   3522 |   3271 |    251 |    584 |   2020 |   5 |  704.4 |
       Dungeon |   3522 |   3271 |    251 |    584 |   2020 |   5 |  704.4 |
               +--------+--------+--------+--------+--------+-----+--------+

Top non-repeatable levels by time:
     D:3: 1389 daAuts
     D:2: 868 daAuts
     D:1: 523 daAuts
     D:5: 385 daAuts
     D:4: 356 daAuts
